 Dungeon Crawl Stone Soup version 0.23-a0-296-ga3b1b28 (webtiles) character file.

137 galech the Shield-Bearer (level 5, 30/41 HPs)
             Began as a Demonspawn Fighter on Oct 5, 2018.
             Quit the game on level 2 of the Dungeon.
             The game lasted 00:02:09 (1580 turns).

galech the Shield-Bearer (Demonspawn Fighter)       Turns: 1580, Time: 00:02:09

Health: 30/41      AC: 10    Str: 16    XL:     5   Next: 0%
Magic:  5/5        EV:  4    Int:  9    God:
Gold:   33         SH:  9    Dex: 14    Spells: 4/4 levels left

rFire    . . .     SeeInvis .   a - +0 war axe
rCold    . . .     Gourm    .   c - +0 shield
rNeg     . . .     Faith    +   n - +0 chain mail
rPois    .         Spirit   .   (helmet restricted)
rElec    .         Reflect  .   o - +0 cloak
rCorr    +         Harm     .   (no gloves)
MR       .....     Rnd*Tele +   (no boots)
Stlth    ..........             e - amulet of faith (curse)
HPRegen  0.13/turn              l - ring of resist corrosion
MPRegen  0.09/turn              p - ring of teleportation (curse)

@: mildly poisoned (30 -> 30)
A: horns 1, talons 1
a: no special abilities


You were on level 2 of the Dungeon.
You were not hungry.

You visited 1 branch of the dungeon, and saw 2 of its levels.

You collected 33 gold pieces.

Inventory:

Hand Weapons
 a - a +0 war axe (weapon)
Armour
 b - a +0 scale mail
 c - a +0 shield (worn)
 n - a +0 chain mail (worn)
 o - a +0 cloak (worn)
Jewellery
 e - a cursed amulet of faith (around neck)
 l - a ring of resist corrosion (left hand)
 p - a cursed ring of teleportation (right hand)
Scrolls
 i - 2 scrolls of magic mapping
 m - 2 scrolls of amnesia
 q - 2 scrolls of noise
 r - a scroll of immolation {unknown}
 t - a scroll of teleportation
Potions
 d - a potion of might
 g - a potion of brilliance {unknown}
 h - a potion of degeneration {unknown}
 j - a potion of magic {unknown}
 s - 2 potions of flight
 u - a potion of agility {unknown}
Comestibles
 f - 3 rations
 k - a chunk of flesh


   Skills:
 + Level 3.6 Fighting
 + Level 3.1 Axes
 + Level 3.1 Armour
 + Level 0.4 Dodging
 + Level 0.2 Stealth
 + Level 3.6 Shields


You had 4 spell levels left.
You didn't know any spells.
Your spell library was empty.

Dungeon Overview and Level Annotations

Branches:
Dungeon (2/15)

Altars:
Nemelex Xobeh
Qazlal
Ru


Innate Abilities, Weirdness & Mutations

You have a pair of small horns on your head.
You have sharp toenails.


Message History

You kill the adder!
You have reached level 5!
Your demonic ancestry asserts itself...
A pair of horns grows on your head!
You feel sick.
You see here a kobold corpse.
The kobold corpse isn't edible.
You feel sick.
Things that are here:
a dagger; a goblin corpse You butcher the goblin corpse.
k - a chunk of flesh
Things that are here:
a dagger; a goblin skeleton You feel sick.
There is an open door here.
You feel sick.
Autopickup is now off.
Autopickup is now on.
Are you sure you want to abandon this character and quit the game? (Confirm

#.# #.#
#####......... #.#
#.# #....##... #.#
#.# #...####.#
######'## #.#
#..##..#'#
#.......# #.#
#..##..)..
#.......#######.#
####...##.._.
#.............#.#
#.......##...
#.............#.##
#.#####..##.#
##.............@.#
#.######..###
#................#
#....# ##....
#................#
#....# ##.##
#.......#######'##
#....# #.#
#.......# #####.#
#.#### #.#
#...##+####.†...#
#.########.#
#...##.......)..#
#..........#
#...###..........#
############
#..........# ####


There were no monsters in sight!

Vanquished Creatures
  A hound (D:2)
  Jessica (D:2)
  2 adders (D:2)
  An ooze (D:2)
  3 worms (D:2)
  2 dart slugs (D:1)
  3 leopard geckos (D:2)
  A ball python (D:1)
  6 bats
  2 giant cockroaches (D:1)
  5 goblins
  5 hobgoblins
  4 jackals (D:1)
  3 kobolds
  3 frilled lizards
  2 rats
44 creatures vanquished.

Notes
Turn   | Place    | Note
-------+----------+-------------------------------------------
     0 | D:1      | galech the Demonspawn Fighter began the quest for the Orb.
     0 | D:1      | Reached XP level 1. HP: 18/18 MP: 1/1
   176 | D:1      | Gained mutation: You have sharp toenails. [demonic
                  | ancestry]
   176 | D:1      | Reached XP level 2. HP: 21/24 MP: 2/2
   886 | D:2      | Found a sacrificial altar of Ru.
   889 | D:2      | Reached XP level 3. HP: 29/29 MP: 3/3
  1016 | D:2      | Found a stormy altar of Qazlal.
  1143 | D:2      | Found a sparkling altar of Nemelex Xobeh.
  1143 | D:2      | Noticed Jessica
  1151 | D:2      | Killed Jessica
  1151 | D:2      | Reached XP level 4. HP: 21/35 MP: 4/4
  1569 | D:2      | Gained mutation: You have a pair of small horns on your
                  | head. [demonic ancestry]
  1569 | D:2      | Reached XP level 5. HP: 33/41 MP: 5/5
  1580 | D:2      | Quit the game

Vault maps used:
D:1:      dpeg_arrival_pits, roderic_serpentine_path
D:2:      grunt_qazlal_clouds, nicolae_ru_awakened_eye,
          nemelex_lonely_heart_becter

Skill      XL: |  1  2  3  4 |
---------------+-------------+-----
Axes           | 2 3 |  3.1
Armour         | 3 |  3.1
Shields        | 3 |  3.6
Fighting       | |  3.6
Dodging        | |  0.4
Stealth        | |  0.2

Action                   |  1- 3 |  4- 6 || total
-------------------------+-------+-------++-------
Melee: War axe           |    94 |    33 ||   127
       Kick              |    16 |     7 ||    23
  Use: Scroll            |     5 |       ||     5
  Eat: Chunk             |     1 |     1 ||     2
Armor: Scale mail        |    27 |       ||    27
       Chain mail        |    25 |    24 ||    49
Dodge: Dodged            |    18 |     9 ||    27
Block: Shield            |    47 |    17 ||    64

Table legend:
 A = Non-vault XP
 B = Vault XP
 C = Vault XP percentage of total XP
 D = Non-vault monster count
 E = Vault monster count
 F = Vault count percentage of total count
                 A         B        C        D         E       F
            +---------+---------+-------+---------+---------+-------
      Total |     159 |      37 |  18.9 |      43 |       1 |   2.3
            +---------+---------+-------+---------+---------+-------
        D:1 |      36 |       0 |   0.0 |      18 |       0 |   0.0
        D:2 |     123 |      37 |  23.1 |      25 |       1 |   3.8
            +---------+---------+-------+---------+---------+-------
